 Dungeon Crawl Stone Soup version 0.21.0-22-g11d5b52 (webtiles) character file.

324982 Calypsia the Unseen (level 20, -7/168 HPs)
             Began as a Vampire Enchanter on Jan 18, 2018.
             Was the Champion of Ashenzari.
             Killed from afar by a fire giant (63 damage)
             ... with a fireball
             ... on level 3 of the Depths.
             The game lasted 05:52:17 (81484 turns).

Calypsia the Unseen (Vampire Enchanter)            Turns: 81484, Time: 05:52:18

Health: -7/168     AC:  0    Str:  7    XL:     20   Next: 72%
Magic:  15/37      EV: 41    Int: 25    God:    Ashenzari [******]
Gold:   2289       SH:  0    Dex: 21    Spells: 1/45 levels left

rFire    . . .     SeeInvis +   (weapon currently unavailable)
rCold    + + .     Gourm    .   (shield currently unavailable)
rNeg     + + +     Faith    +   (armour currently unavailable)
rPois    ∞         Spirit   .   (helmet currently unavailable)
rElec    .         Reflect  .   (cloak currently unavailable)
rCorr    .         Harm     .   (gloves currently unavailable)
MR       ++++.     Clarity  +   (boots currently unavailable)
Stlth    +++++++++.             M - amulet of Kiechoi {Faith Fragile +Blink rPois MR++} (curse)
HPRegen  0.00/turn              (ring currently unavailable)
MPRegen  0.25/turn              (ring currently unavailable)

@: bat-form, no potions, flying, bloodless, non-regenerating, studying
Spellcasting, very quick
A: tiny, fangs 3, see invisible
}: 2/15 runes: decaying, serpentine
a: End Transformation, Curse Item, Scrying, Transfer Knowledge, Renounce
Religion, Evoke Blink


You were on level 3 of the Depths.
You worshipped Ashenzari.
Ashenzari was exalted by your worship.
You were bloodless.
You were in vampire-bat-form.
You visited 8 branches of the dungeon, and saw 38 of its levels.
You visited the Abyss 1 time.
You also visited: Ice Cave and Volcano.

You collected 4699 gold pieces.
You spent 2410 gold pieces at shops.

Inventory:

Hand Weapons
 a - a +2 demon whip of pain
 f - a cursed +9 short sword of electrocution (melded)
 O - a +5 vampiric demon blade
Armour
 n - a cursed scarf of repulsion (melded)
 z - a cursed +2 pair of gloves (melded)
 E - the cursed +1 ring mail of New Discoveries (melded) {rPois rN+ Regen+ SInv}
   (You found it on level 6 of the Dungeon)

   It protects you from poison.
   It protects you from negative energy.
   It lets you see invisible.
   It increases your rate of regeneration.
   It has a curse placed upon it.
 F - a cursed +2 hat (melded)
 Q - a cursed +2 pair of boots (melded)
 X - a cursed +2 buckler (melded)
Jewellery
 i - an uncursed ring of positive energy
 m - a cursed ring of protection from fire (melded)
 v - a +2 ring of intelligence
 y - an uncursed ring of magical power
 A - a cursed +3 ring of intelligence
 J - a cursed +4 ring of evasion (melded)
 M - the cursed amulet of Kiechoi (around neck) {Faith Fragile +Blink rPois MR++}
   (You took it off a deep elf high priest on level 3 of the Elven Halls)

   [amulet of faith]

   It allows you to gain divine favour quickly.
   It protects you from poison.
   It affects your resistance to hostile enchantments.
   It lets you blink.
   It will be destroyed if unequipped.
   It has a curse placed upon it.
 N - an uncursed ring of magical power
 U - an uncursed ring of fire
Wands
 h - a wand of flame (28)
 s - a wand of acid (29)
 t - a wand of polymorph (75)
 x - a wand of enslavement (39)
 G - a wand of paralysis (26)
 H - a wand of digging (44)
 I - a wand of disintegration (38)
 Y - a wand of iceblast (35)
Scrolls
 c - 5 scrolls of magic mapping
 o - 10 scrolls of remove curse
 p - 6 scrolls of identify
 w - 17 scrolls of teleportation
 K - 2 scrolls of vulnerability
 S - 2 scrolls of amnesia
 Z - a scroll of fog
Potions
 d - 34 potions of blood
 e - a potion of agility
 g - 2 potions of cancellation
 j - 24 potions of curing
 k - 4 potions of brilliance
 l - 3 potions of resistance
 r - 7 potions of magic
 u - 2 potions of haste
 B - 4 potions of might
 C - 4 potions of ambrosia
 D - 8 potions of flight
 R - a potion of heal wounds
 T - a potion of mutation
Books
 q - a book of Debilitation

   Spells                             Type                      Level
   a - Corona                         Hexes                        1
   b - Slow                           Hexes                        2
   c - Inner Flame                    Hexes/Fire                   3
   d - Portal Projectile              Hexes/Translocation          3
   e - Cause Fear                     Hexes                        4
   f - Leda's Liquefaction            Hexes/Earth                  4
 P - a manual of Spellcasting
Miscellaneous
 b - a phial of floods
 L - 3 phantom mirrors


   Skills:
 * Level 17.1 Fighting
 - Level 11.5(15.7) Short Blades
   Level 2.9 Polearms
 - Level 6.5(11.1) Armour
 + Level 18.8(22.4) Dodging
 - Level 18.9 Stealth
 - Level 4.0(6.8) Shields
 * Level 13.4 Spellcasting
 - Level 3.6(7.7) Conjurations
 - Level 13.2(17.3) Hexes
 - Level 10.0(14.2) Transmutations
 + Level 7.8(12.3) Ice Magic
 - Level 5.8(10.3) Evocations


You had one spell level left.
You knew the following spells:

 Your Spells              Type           Power        Failure   Level  Hunger
a - Confuse               Hex            #######.     0%          3    None
b - Ensorcelled Hibernat  Hex/Ice        ######       0%          2    None
c - Corona                Hex            #######      0%          1    None
d - Dazzling Spray        Conj/Hex       ######       1%          3    None
e - Tukima's Dance        Hex            #######.     0%          3    None
f - Passwall              Tmut/Erth      ######....   1%          2    None
g - Darkness              Hex            #######...   1%          6    #####..
h - Petrify               Tmut/Erth      ######..     1%          4    None
i - Irradiate             Conj/Tmut      ######....   1%          5    ###....
j - Metabolic Englaciati  Hex/Ice        ######....   1%          5    ###....
k - Ozocubu's Refrigerat  Ice            ######....   3%          6    #####..
l - Cause Fear            Hex            #######...   1%          4    None


Dungeon Overview and Level Annotations

Branches:
Dungeon (15/15)            Temple (1/1) D:6            Lair (6/6) D:11
  Swamp (4/4) Lair:3        Snake (4/4) Lair:4        Slime (0/5) Lair:5
    Orc (2/2) D:10            Elf (3/3) Orc:2        Vaults (0/5) D:13
 Depths (3/5) D:15

Altars:
Ashenzari
Cheibriados
Dithmenos
Elyvilon
Fedhas
Gozag
Hepliaklqana
Kikubaaqudgha
Makhleb
Nemelex Xobeh
Okawaru
Qazlal
Ru
Sif Muna
Trog
Uskayaw
Vehumet
Wu Jian
Xom
Yredelemnul
Zin
The Shining One
Beogh

Shops:
D:5 :   D:13 !   Orc:1 !   Orc:2 *[?*?   Elf:1 ?=}(   Snake:1 !   Depths:2 }}

Portals:
Hell: Depths:1 Depths:2 Depths:3
Abyss: Depths:3
Pandemonium: Depths:1 Depths:3
Ziggurat: Depths:1

Annotations:
D:7 Smody's ghost, novice MiBe
D:12 exclusion: 3 skeletal warriors
Elf:1 Frances
Elf:2 Nikola
Depths:1 exclusions: ancient lich and 1 more exclusion, Asterion
Depths:3 exclusion: spark wasp


Innate Abilities, Weirdness & Mutations

You do not heal naturally.
You are immune to poison.
You have razor-sharp teeth.
You have supernaturally acute eyesight. (SInv)
((You can survive without breathing.))


Message History

The fire dragon easily resists.
You block the fire dragon's attack. x2
The fire dragon tramples you.
You stumble backwards!
You turn into a vampire bat.
Your cursed +9 short sword of electrocution melds into your body.
Your cursed scarf of repulsion melds into your body.
Your cursed +2 hat melds into your body.
Your cursed +2 pair of gloves melds into your body.
Your cursed +2 pair of boots melds into your body.
Your cursed +2 buckler melds into your body.
The cursed +1 ring mail of New Discoveries {rPois rN+ Regen+ SInv} melds into your body.
Your cursed ring of protection from fire melds into your body.
Your cursed +4 ring of evasion melds into your body.
Your cursed +9 short sword of electrocution stops crackling.
The haze of the repulsion field disappears.
The fire dragon bites you. The fire dragon claws you!
The fire dragon completely misses you.
The fire giant points at you and mumbles some strange words.
The fireball explodes!
The fireball engulfs the fire dragon.
The fire dragon resists.
The fireball engulfs you!
You die...

..#.#..#..'###,{ * ,, {,,**#...#
..#.##.###'[.#..++######## *#*{ #
..##....#....###++...{##{. * *##
...#.#..##....###...⌠.+{{!e..###.
.'##.##..#..≈(.##....{+{....y##D.
#'.##....##.≈...###..{##...###.{⌠
....#.....##.≈≈.[.##########...##
....##....###..[[.#........#.....
#)...##..''###(.bDC†.≈⌠.≈..''...#
#.....###''..###.#.[).≈≈....#.###
##.....###.....###..(()..)..###..
##..8..##.......#########''#....
##.....##...#.......##.......#.
##>.8..##..##.#....''...)#⌠##.
##.....###...##...''...##...#
##......####.....##.....####
##......#.##############.#.


You could see a fire giant and a fire dragon.

Vanquished Creatures
  The ghost of Gorgoleon the Axe Maniac, a veteran HOBe of Trog (Elf:3)
  Saint Roka (Depths:3)
  Rupert (Lair:5)
  2 deep elf master archers (Elf:3)
  4 thorn hunters
  The ghost of Zetuh the Warrior, an adept MiFi of the Shining One (Swamp:4)
  Kirke (Swamp:3)
  A storm dragon (Depths:1)
  9 nagarajas
  4 frost giants
  4 fire giants
  8 deep elf sorcerers (Elf:3)
  A balrug (Depths:1)
  4 deep elf elementalists (Elf:3)
  A ghoul (Swamp:2)
  The ghost of jlc4533 the Cleaver, a journeyman MiFi of Makhleb (Orc:1)
  8 very ugly things
  A stone giant (Depths:3)
  5 deep elf demonologists (Elf:3)
  A vampire knight (Depths:1)
  8 deep elf annihilators
  3 spark wasps (Depths:2)
  5 deep elf death magi (Elf:3)
  2 ettins
  Josephine (Lair:4)
  A fire dragon (Lair:6)
  6 deep elf high priests
  2 yaktaur captains
  Fannar (Lair:1)
  16 naga warriors
  34 hydras
  2 ogre magi
  5 ghost crabs
  5 rakshasas
  3 great orbs of eyes
  2 ice dragons
  10 anacondas
  Erica (Orc:1)
  3 centaur warriors
  18 two-headed ogres
  5 tengu warriors
  20 dancing weapons
  3 orc high priests (Orc:2)
  8 alligators
  3 deep troll earth magi
  6 death yaks
  A shock serpent (shapeshifter) (D:13)
  9 deep elf knights
  4 shock serpents
  14 naga sharpshooters
  3 sun demons
  3 spriggan berserkers
  2 salamander mystics
  4 naga ritualists
  3 spriggan druids
  11 swamp dragons
  A wizard (D:15)
  A shambling mangrove (Swamp:4)
  2 glowing orange brains (Depths:3)
  3 unseen horrors
  7 deep trolls (Depths:2)
  The ghost of Kurtz the Cudgeler, a novice OpAK of Lugonu (D:6)
  8 deep elf archers
  Pikel (D:8)
  4 mana vipers
  A wolf spider zombie (D:12)
  47 deep elf magi
  7 orc sorcerers
  9 orc knights
  A cyclops (Orc:2)
  12 ugly things
  2 manticores
  8 oklob plants
  16 salamanders
  20 elephants
  A black mamba (shapeshifter) (Depths:3)
  15 naga magi
  A centaur zombie (D:15)
  4 guardian serpents
  A torpor snail (Lair:4)
  An ice statue (IceCv)
  4 molten gargoyles
  26 black mambas
  16 spiny frogs
  18 yaktaurs
  6 rime drakes
  10 komodo dragons
  A freezing wraith (D:14)
  3 tengu conjurers
  2 red devils (Volcano)
  8 trolls
  2 wind drakes (shapeshifter) (Depths:2)
  18 polar bears (IceCv)
  19 hornets
  14 bog bodies
  5 tyrant leeches
  Prince Ribbit (D:6)
  4 dream sheep (Lair:4)
  25 slime creatures
  11 blink frogs
  11 hippogriffs
  12 spriggans
  3 air elementals
  2 vampires
  A tarantella (shapeshifter) (D:14)
  7 wyverns
  7 fire bats (Volcano)
  A shadow (D:13)
  Sigmund (D:6)
  2 fire elementals
  4 hogs (Swamp:3)
  5 wraiths
  49 yaks
  9 water elementals
  4 basilisks
  26 vampire mosquitoes
  A steam dragon (D:12)
  10 insubstantial wisps (Swamp:2)
  14 swamp worms
  4 wargs
  47 nagas
  14 porcupines
  4 hell hounds (Lair:6)
  3 sky beasts
  10 water moccasins
  3 phantoms
  37 orc warriors
  6 ice beasts
  8 swamp drakes
  A slave (D:8)
  An ogre (shapeshifter) (Depths:3)
  12 ogres
  An eye of draining (D:14)
  5 necrophages
  11 centaurs
  27 wolves
  18 crocodiles
  A big kobold (D:7)
  3 earth elementals (Elf:3)
  29 bullfrogs
  A wyvern zombie (D:10)
  A gnoll sergeant (D:8)
  A wyvern skeleton (D:14)
  5 scorpions
  13 electric eels
  12 howler monkeys
  28 wights
  5 crimson imps
  9 lava snakes
  A bullfrog zombie (D:8)
  2 jellies
  5 bullfrog skeletons
  5 centaur skeletons
  20 orc priests
  6 hounds
  Crazy Yiuf (D:6)
  3 iguanas
  Jessica (D:3)
  6 worker ants
  Natasha (thrice) (D:3)
  29 orc wizards
  2 hound skeletons
  A howler monkey skeleton (D:7)
  13 adders
  8 gnolls
  2 shadow imps
  An adder zombie (D:8)
  3 worms (D:2)
  4 leopard geckos
  96 orcs
  4 giant cockroaches
  6 goblins
  5 hobgoblins
  6 jackals
  5 quokkas
  3 ball pythons
  6 bats
  2 frilled lizards
  A giant cockroach zombie (D:5)
  11 kobolds
  4 rats
1407 creatures vanquished.

Vanquished Creatures (others)
  A spriggan air mage (Depths:2)
  A spriggan druid (Swamp:4)
  A deep elf mage (Elf:1)
  A spriggan (Swamp:2)
  3 air elementals (Depths:2)
  A vampire mosquito (Swamp:2)
  An ogre (Orc:1)
  A jelly (D:7)
  An orc wizard (Orc:2)
  2 briar patches (Swamp:4)
  2 bushes (D:11)
  12 fungi
  88 plants
  8 starspawn tentacles (Abyss:2)
123 creatures vanquished.

Grand Total: 1530 creatures vanquished

Notes
Turn   | Place    | Note
-------+----------+-------------------------------------------
     0 | D:1      | Calypsia the Vampire Enchanter began the quest for the Orb.
     0 | D:1      | Reached XP level 1. HP: 13/13 MP: 3/3
   522 | D:1      | Reached XP level 2. HP: 14/19 MP: 5/5
   950 | D:1      | Learned a level 2 spell: Ensorcelled Hibernation
  1178 | D:2      | Reached XP level 3. HP: 24/24 MP: 6/6
  1232 | D:2      | Reached skill level 5 in Stealth
  1441 | D:2      | Reached skill level 5 in Hexes
  1887 | D:2      | Reached XP level 4. HP: 30/30 MP: 7/7
  2578 | D:3      | Reached XP level 5. HP: 35/35 MP: 3/8
  3204 | D:3      | Noticed Jessica
  3210 | D:3      | Killed Jessica
  3214 | D:3      | Noticed Natasha
  3216 | D:3      | Killed Natasha
  3458 | D:3      | Noticed Natasha
  3460 | D:3      | Killed Natasha
  3590 | D:4      | Reached XP level 6. HP: 31/41 MP: 9/9
  3695 | D:4      | Learned a level 3 spell: Dazzling Spray
  3981 | D:4      | Found the +8 glaive of the Guard {elec, +Rage AC+5 SInv}
  3985 | D:4      | Found a shattered altar of Ashenzari.
  4286 | D:5      | Entered Level 5 of the Dungeon
  4313 | D:5      | Learned a level 3 spell: Confuse
  4331 | D:5      | Reached skill level 1 in Polearms
  4331 | D:5      | Reached XP level 7. HP: 46/46 MP: 10/10
  4526 | D:5      | Found Tacowkuh's Book Emporium.
  4646 | D:5      | Reached skill level 1 in Shields
  5181 | D:6      | Noticed Kurtz's ghost (novice OpAK)
  5304 | D:6      | Reached XP level 8. HP: 52/52 MP: 11/11
  5327 | D:6      | Noticed Sigmund
  5360 | D:6      | Got a shimmering ring mail
  5371 | D:6      | Identified the +1 ring mail of New Discoveries {rPois rN+ Regen+ SInv} (You found it on level 6 of the Dungeon)
  5983 | D:7      | Reached skill level 1 in Armour
  6155 | D:7      | Noticed Smody's ghost (novice MiBe)
  6733 | D:7      | Found an iron altar of Okawaru.
  6910 | D:8      | Noticed a hornet
  7516 | D:6      | Noticed Prince Ribbit
  8198 | D:6      | Reached XP level 9. HP: 57/57 MP: 8/12
  8577 | D:6      | Found a runed door.
  8611 | D:6      | Killed Sigmund
  8676 | D:6      | Reached skill level 10 in Stealth
  8877 | D:6      | Found a staircase to the Ecumenical Temple.
  9267 | D:6      | Killed Prince Ribbit
  9267 | D:6      | Reached skill level 5 in Armour
  9295 | Temple   | Entered the Ecumenical Temple
  9393 | Temple   | Became a worshipper of Ashenzari the Shackled
  9540 | D:6      | Noticed Crazy Yiuf
  9544 | D:6      | Killed Crazy Yiuf
  9643 | D:3      | Noticed Natasha
  9648 | D:3      | Killed Natasha
 11334 | D:8      | Reached skill level 5 in Short Blades
 11334 | D:8      | Reached skill level 5 in Dodging
 11480 | D:8      | Noticed a two-headed ogre
 11518 | D:8      | Killed a two-headed ogre
 11518 | D:8      | Reached skill level 1 in Fighting
 11518 | D:8      | Reached XP level 10. HP: 38/65 MP: 7/13
 11865 | D:8      | Noticed Pikel
 12854 | D:10     | Entered Level 10 of the Dungeon
 13022 | D:10     | Found a staircase to the Orcish Mines.
 14108 | D:10     | Noticed a two-headed ogre
 14295 | D:10     | Noticed a two-headed ogre
 14313 | D:10     | Killed a two-headed ogre
 14484 | D:10     | Learned a level 3 spell: Tukima's Dance
 14513 | D:10     | Reached XP level 11. HP: 73/75 MP: 1/16
 14517 | D:10     | Found a roughly hewn altar of Beogh.
 15104 | D:11     | Noticed a two-headed ogre
 15130 | D:11     | Killed a two-headed ogre
 15316 | D:11     | Noticed a four-headed hydra
 15444 | D:11     | Killed a four-headed hydra
 15555 | D:11     | Found a staircase to the Lair.
 16199 | D:11     | Reached * piety under Ashenzari
 16422 | D:11     | Reached skill level 10 in Hexes
 17040 | D:12     | Noticed a two-headed ogre
 17040 | D:12     | Noticed an unseen horror
 17047 | D:12     | Killed a two-headed ogre
 17049 | D:12     | Killed an unseen horror
 17179 | D:12     | Noticed a two-headed ogre
 17232 | D:12     | Reached skill level 5 in Spellcasting
 17285 | D:12     | Noticed a skeletal warrior
 17292 | D:12     | Noticed a skeletal warrior
 17292 | D:12     | Noticed a skeletal warrior
 17292 | D:12     | Noticed a skeletal warrior
 17354 | D:12     | Found a frozen archway.
 17387 | IceCv    | Entered an ice cave
 17527 | IceCv    | Reached XP level 12. HP: 85/85 MP: 13/19
 17619 | IceCv    | Noticed a death yak
 17653 | IceCv    | Reached skill level 5 in Fighting
 17713 | IceCv    | Killed a death yak
 17713 | IceCv    | Reached skill level 10 in Short Blades
 19772 | IceCv    | Noticed a frost giant
 19848 | IceCv    | Killed a frost giant
 20604 | D:12     | Reached ** piety under Ashenzari
 20719 | D:12     | Noticed an eight-headed hydra
 20723 | D:12     | Killed an eight-headed hydra
 20723 | D:12     | Reached skill level 1 in Evocations
 20723 | D:12     | Reached XP level 13. HP: 93/93 MP: 22/22
 22049 | Lair:1   | Entered Level 1 of the Lair of Beasts
 22174 | Lair:1   | Noticed Fannar
 22527 | Lair:1   | Reached skill level 10 in Dodging
 23031 | Lair:1   | Killed Fannar
 23412 | Lair:2   | Reached *** piety under Ashenzari
 25210 | Lair:3   | Found a staircase to the Swamp.
 25745 | Lair:4   | Reached **** piety under Ashenzari
 25960 | Lair:4   | Found a staircase to the Snake Pit.
 26259 | Lair:4   | Reached XP level 14. HP: 104/104 MP: 6/26
 26842 | Lair:4   | Noticed Josephine
 26862 | Lair:4   | Reached skill level 5 in Evocations
 26957 | Lair:4   | Killed Josephine
 27905 | Lair:5   | Reached ***** piety under Ashenzari
 28229 | Lair:5   | Noticed Rupert
 28242 | Lair:5   | Paralysed by Rupert for 2 turns
 28244 | Lair:5   | Killed Rupert
 28537 | Lair:5   | Found a staircase to the Slime Pits.
 29598 | Lair:6   | Entered Level 6 of the Lair of Beasts
 32209 | Lair:6   | Reached skill level 15 in Stealth
 32545 | Lair:6   | Found a large runed door.
 32800 | Lair:6   | Reached XP level 15. HP: 115/115 MP: 11/27
 33109 | Lair:6   | Found a large runed door.
 33155 | Lair:6   | Reached skill level 10 in Fighting
 33186 | Lair:6   | Learned a level 2 spell: Passwall
 33300 | Snake:1  | Entered Level 1 of the Snake Pit
 33409 | Orc:1    | Entered Level 1 of the Orcish Mines
 33410 | Orc:1    | Found Uteyn's Distillery.
 33622 | D:10     | Reached skill level 1 in Transmutations
 33896 | Orc:1    | Bought a potion of curing for 33 gold pieces
 33896 | Orc:1    | Bought a potion of curing for 33 gold pieces
 33896 | Orc:1    | Bought 2 potions of brilliance for 88 gold pieces
 33901 | Orc:1    | Noticed Erica
 33910 | Orc:1    | Killed Erica
 33915 | Orc:1    | Noticed jlc4533's ghost (journeyman MiFi)
 34231 | Orc:1    | Killed jlc4533's ghost
 34820 | Orc:2    | Entered Level 2 of the Orcish Mines
 34820 | Orc:2    | Found a roughly hewn altar of Beogh.
 34956 | Orc:2    | Found a dark tunnel.
 34973 | Volcano  | Entered a volcano
 35263 | Volcano  | Found a radiant altar of Vehumet.
 37185 | Orc:2    | Found Ihop's Armour Boutique.
 37185 | Orc:2    | Found Rawnatusk's Magic Scroll Emporium.
 37270 | Orc:2    | Found Wittys's Assorted Antiques.
 37270 | Orc:2    | Found Qomu's Magic Scroll Emporium.
 37292 | Orc:2    | Bought a scroll of fog for 32 gold pieces
 37292 | Orc:2    | Bought a scroll of blinking for 120 gold pieces
 37294 | Orc:2    | Bought a scroll of fear for 56 gold pieces
 37294 | Orc:2    | Bought a scroll of remove curse for 48 gold pieces
 37404 | Orc:2    | Found a staircase to the Elven Halls.
 37718 | Orc:2    | Found a roughly hewn altar of Beogh.
 38914 | D:8      | Killed Pikel
 38914 | D:8      | Reached skill level 5 in Transmutations
 39048 | D:5      | Bought a book of Dreams for 1050 gold pieces
 39055 | D:5      | Learned a level 6 spell: Darkness
 39151 | D:6      | Killed Kurtz's ghost
 40251 | D:13     | Found Ylunoxke's Distillery.
 40813 | D:13     | Found a gate to the Vaults.
 42282 | D:15     | Entered Level 15 of the Dungeon
 42630 | D:15     | Reached XP level 16. HP: 113/126 MP: 18/28
 42748 | D:15     | Reached ****** piety under Ashenzari
 42829 | D:15     | Found a staircase to the Depths.
 44134 | Swamp:1  | Entered Level 1 of the Swamp
 45357 | Swamp:2  | Reached skill level 15 in Dodging
 47651 | Swamp:3  | Noticed a thorn hunter
 47661 | Swamp:3  | Killed a thorn hunter
 47946 | Swamp:3  | Noticed Kirke
 48164 | Lair:1   | Learned a level 4 spell: Petrify
 48961 | Swamp:3  | Killed Kirke
 49288 | Swamp:4  | Entered Level 4 of the Swamp
 49289 | Swamp:4  | Noticed Zetuh's ghost (adept MiFi)
 49565 | Swamp:3  | Reached XP level 17. HP: 117/135 MP: 23/29
 49597 | Swamp:3  | Reached skill level 10 in Transmutations
 51092 | Swamp:4  | Killed Zetuh's ghost
 51150 | Swamp:4  | Identified the +6 battleaxe of Tumult {freeze, rC- rN+ Dex+6}
 53056 | Swamp:4  | Got a decaying rune of Zot
 54064 | Snake:1  | Found Eheitz's Distillery.
 55439 | Snake:3  | Reached XP level 18. HP: 128/146 MP: 17/31
 56385 | Lair:1   | Learned a level 5 spell: Irradiate
 56624 | Snake:3  | Reached skill level 1 in Conjurations
 57458 | Snake:4  | Entered Level 4 of the Snake Pit
 59918 | Snake:4  | Reached skill level 10 in Spellcasting
 60955 | Snake:4  | Got a serpentine rune of Zot
 61248 | Depths:1 | Entered Level 1 of the Depths
 61282 | Depths:1 | Noticed Asterion
 61547 | Orc:2    | Found Iuhoittu's Incredible Inventory.
 61555 | Orc:2    | Bought a book of Ice for 845 gold pieces
 61561 | Orc:2    | Learned a level 5 spell: Metabolic Englaciation
 61607 | Elf:1    | Entered Level 1 of the Elven Halls
 61615 | Elf:1    | Found Lumoper's Gadget Shoppe.
 61642 | Elf:1    | Reached skill level 1 in Ice Magic
 61662 | Elf:1    | Found Ifinioph's Jewellery Shop.
 61876 | Elf:1    | Found Fagreiq's Magic Scroll Shop.
 61894 | Elf:1    | Bought a scroll of blinking for 105 gold pieces
 62208 | Elf:1    | Noticed Frances
 62282 | Elf:1    | Found Bory Nie's Antique Weapon Emporium.
 63119 | Elf:2    | Reached skill level 15 in Fighting
 63426 | Elf:2    | Reached XP level 19. HP: 149/155 MP: 16/33
 63779 | Elf:2    | Found a runed gate.
 63781 | Elf:2    | Found a runed gate.
 63782 | Elf:2    | Found a runed gate.
 64180 | Elf:2    | Noticed Nikola
 64568 | Elf:3    | Entered Level 3 of the Elven Halls
 65265 | Elf:3    | Noticed Gorgoleon's ghost (veteran HOBe)
 65290 | Elf:3    | Killed Gorgoleon's ghost
 65290 | Elf:3    | Reached skill level 5 in Ice Magic
 68436 | Elf:3    | Identified the amulet of Kiechoi {Faith Fragile +Blink rPois MR++} (You took it off a deep elf high priest on level 3 of the Elven Halls)
 69384 | Elf:3    | Cast into level 2 of the Abyss (a deep elf sorcerer)
 69384 | Abyss:2  | Found a shadowy altar of Dithmenos.
 69546 | Abyss:2  | Identified the +4 scale mail of Miucvopo {*Drain +Fly rN+ Str+2}
 69638 | Abyss:2  | Noticed a bone dragon
 69701 | Abyss:2  | Found an opulent altar of Gozag.
 69928 | Abyss:2  | Noticed a profane servitor
 69966 | Elf:3    | Escaped the Abyss
 70123 | Elf:3    | Identified the amulet of Greed {Regen+ Stlth+} (You took it off a deep elf mage on level 3 of the Elven Halls)
 70237 | Elf:3    | Identified the +12 longbow "Jaifuh" {freeze, rPois Str-4 Dex+4 Stlth+} (You took it off a deep elf archer on level 3 of the Elven Halls)
 71649 | Lair:1   | Learned a level 6 spell: Ozocubu's Refrigeration
 71830 | Elf:3    | Identified the +9 flail "Nocas" {holy, rPois rC- rN+} (You took it off a deep elf high priest on level 3 of the Elven Halls)
 72081 | Elf:3    | Identified the cursed +0 shortbow "Axepsot" {venom, rPois MR+ Int+3}
 72166 | Elf:3    | Identified the Reference Book on Ashen Aid
 72294 | Elf:3    | Identified the Incunabulum of the Blaze
 73066 | Depths:1 | Identified the +11 hand axe of the Viper {flame, +Rage MP+9 Dex+4} (You took it off a yaktaur captain on level 1 of the Depths)
 73380 | Depths:1 | Found a one-way gate leading to the halls of Pandemonium.
 74475 | Depths:1 | Reached XP level 20. HP: 163/165 MP: 2/35
 75977 | Depths:1 | Found a gateway to Hell.
 76133 | Depths:1 | Found a gateway to a ziggurat.
 76133 | Depths:1 | Noticed an ancient lich
 77657 | Depths:2 | Found Junus's Gadget Shop.
 77658 | Depths:2 | Found Qolew's Jewellery Emporium.
 77659 | Depths:2 | Found Evi Afrum's Gadget Shop.
 78993 | Depths:2 | Learned a level 4 spell: Cause Fear
 79429 | Depths:3 | Found a one-way gate to the infinite horrors of the Abyss.
 80069 | Depths:3 | Noticed Saint Roka
 81228 | Depths:3 | Killed Saint Roka
 81484 | Depths:3 | Killed from afar by a fire giant

Skill      XL: |  1  2  3  4  5  6  7  8  9 10 11 12 13 14 15 16 17 18 19 20 |
---------------+-------------------------------------------------------------+-----
Short Blades   | 2 3 4 5 7 9 11 | 11.5
Stealth        | 5 6 7 9 11 12 15 16 17 18 | 18.9
Hexes          | 5 6 7 9 10 12 13 | 13.2
Dodging        | 3 4 5 7 8 9 10 12 14 15 17 18 | 18.8
Polearms       | 1 2 |  2.9
Shields        | 1 3 4 |  4.0
Armour         | 4 6 |  6.5
Fighting       | 1 3 4 6 7 9 11 12 14 15 16 17 | 17.1
Spellcasting   | 3 5 6 8 9 10 11 13 | 13.4
Evocations     | 1 4 5 |  5.8
Transmutations | 7 9 10 | 10.0
Conjurations   | 3 |  3.6
Ice Magic      | 3 6 7 |  7.8

Action                   |  1- 3 |  4- 6 |  7- 9 | 10-12 | 13-15 | 16-18 | 19-21 || total
-------------------------+-------+-------+-------+-------+-------+-------+-------++-------
Melee: Dagger            |    48 |       |       |       |       |       |       ||    48
       Short sword       |    28 |    32 |   229 |   447 |   663 |  1204 |   925 ||  3528
       Glaive            |       |    11 |       |       |       |       |       ||    11
       Bite              |       |       |    15 |    28 |    27 |   106 |    96 ||   272
       Unarmed           |       |       |     1 |       |       |       |       ||     1
 Cast: Corona            |     2 |       |       |     1 |     7 |       |       ||    10
       Ensorcelled Hiber |    10 |    17 |   104 |   180 |   577 |   542 |   262 ||  1692
       Dazzling Spray    |       |     2 |       |       |       |       |     1 ||     3
       Confuse           |       |       |    24 |    60 |    86 |   150 |    47 ||   367
       Tukima's Dance    |       |       |       |     1 |       |     1 |     4 ||     6
       Darkness          |       |       |       |       |     6 |     4 |     5 ||    15
       Irradiate         |       |       |       |       |       |     8 |    27 ||    35
       Metabolic Englaci |       |       |       |       |       |       |     8 ||     8
       Ozocubu's Refrige |       |       |       |       |       |       |     4 ||     4
Invok: Curse Item        |       |       |     5 |       |     2 |     3 |     2 ||    12
       Scrying           |       |       |       |       |     3 |     4 |    15 ||    22
 Abil: Bat Form          |       |       |     5 |     2 |    10 |     5 |    15 ||    37
       End Transformatio |       |       |     5 |     2 |    10 |     5 |    14 ||    36
       Evoke Blink       |       |       |       |       |       |       |     2 ||     2
Evoke: Wand              |       |       |       |       |    17 |     2 |    22 ||    41
  Use: Scroll            |     1 |       |    18 |     4 |    18 |     9 |     6 ||    56
       Potion            |       |     1 |     6 |     9 |    11 |    22 |    28 ||    77
 Stab: Sleeping          |    21 |    23 |    61 |   125 |   330 |   246 |   109 ||   915
       Distracted        |     1 |       |     1 |     7 |     3 |     2 |     3 ||    17
       Confused          |       |       |     7 |    35 |    36 |    71 |    13 ||   162
       Paralysed         |       |       |       |       |     3 |       |       ||     3
       Invisible         |       |       |       |       |       |       |     4 ||     4
Armor: Robe              |    11 |     5 |       |       |       |       |       ||    16
       Ring mail         |       |       |    56 |    83 |   148 |   294 |   109 ||   690
Dodge: Dodged            |    64 |    24 |   145 |   224 |   674 |  1389 |   596 ||  3116
       Deflected         |       |       |       |       |    21 |    80 |    42 ||   143
Block: Buckler           |       |       |    43 |    75 |   228 |   394 |   216 ||   956
